 Dungeon Crawl Stone Soup version 0.19.1 (webtiles) character file.

273 RedPan the Covert (level 6, -1/41 HPs)
             Began as a Vampire Enchanter on Dec 25, 2016.
             Killed from afar by an orc wizard (10 damage)
             ... with a magic dart
             ... on level 4 of the Dungeon.
             The game lasted 00:11:54 (3820 turns).

RedPan the Covert (Vampire Enchanter)               Turns: 3820, Time: 00:11:55

Health: -1/41      AC:  3    Str:  7    XL:     6   Next: 3%
Magic:  2/9        EV: 12    Int: 25    God:
Gold:   243        SH:  0    Dex: 14    Spells: 3 memorised, 3 levels left

rFire  + . .     SeeInvis +     a - +1 dagger
rCold  + + .     Gourm    .     b - +1 robe
rNeg   + + .     Faith    .     (no shield)
rPois  +         Spirit   .     (no helmet)
rElec  +         Reflect  .     (no cloak)
rCorr  +         Harm     .     (no gloves)
MR     .....                    (no boots)
Stlth  +++++.....               (no amulet)
                                (no ring)
                                (no ring)

@: brilliant, resistant (expiring), flying, regenerating slowly
A: fangs 3, see invisible, unbreathing
a: Bat Form


You were on level 4 of the Dungeon.
You were near bloodless.

You visited 1 branch of the dungeon, and saw 4 of its levels.

You collected 243 gold pieces.

Inventory:

Hand Weapons
 a - a +1 dagger (weapon)
 u - a +1 falchion of holy wrath
Armour
 b - a +1 robe (worn)
Scrolls
 h - a scroll of enchant armour {unknown}
 j - a scroll of enchant weapon {unknown}
 k - 2 scrolls of fear {unknown}
 l - a scroll of blinking {unknown}
 m - 3 scrolls of identify {unknown}
 n - 2 scrolls of remove curse {unknown}
 p - a scroll of teleportation {unknown}
 r - a scroll of amnesia {unknown}
 s - a scroll of recharging {unknown}
 t - a scroll of random uselessness {unknown}
Potions
 d - 16 potions of blood
 f - 2 potions of curing
 g - a potion of brilliance
 q - a potion of resistance
Books
 c - a book of Maledictions

   Spells                             Type                      Level
   a - Corona                         Hexes                        1
   b - Ensorcelled Hibernation        Hexes/Ice                    2
   c - Confuse                        Hexes                        3
   d - Tukima's Dance                 Hexes                        3
   e - Dazzling Spray                 Conjuration/Hexes            3


   Skills:
 + Level 3.1 Short Blades
 - Level 2.1 Dodging
 - Level 8.3 Stealth
 - Level 2.0 Spellcasting
 - Level 6.1 Hexes


You had 3 spell levels left.
You knew the following spells:

 Your Spells              Type           Power        Failure   Level  Hunger
a - Corona                Hex            #####..      1%          1    None
b - Ensorcelled Hibernat  Hex/Ice        ####..       1%          2    ##.....
c - Confuse               Hex            #####...     1%          3    ###....


Dungeon Overview and Level Annotations

Branches:
Dungeon (4/15)
 Temple: D:4-7

Altars:
Nemelex Xobeh


Innate Abilities, Weirdness & Mutations

You heal slowly.
You have razor-sharp teeth.
You have supernaturally acute eyesight. (SInv)
You can survive without breathing.


Message History

The orc wizard hits you but does no damage.
You closely miss the orc wizard. The orc wizard casts a spell at you.
The puff of flame hits you! You resist.
You hit the orc wizard but do no damage.
The orc wizard hits you with a dagger.
You hit the orc wizard.
The orc wizard is lightly wounded.
You hit the orc wizard.
The orc wizard is moderately wounded.
The orc wizard points at you and mumbles some strange words.
The magic dart hits you!
* * * LOW HITPOINT WARNING * * *
You start to feel less resistant.
There is a stone staircase leading down here.
The orc wizard points at you and mumbles some strange words.
You resist with some effort.
The orc wizard gestures at you while chanting.
The magic dart hits you!
You die...

############ ...###.......)..#
# #......#######.### #
#.......o.>..@...## #
........###.###.#..############
.......?........%..............
.............##.##..######.####
########.....##.###.# #.# #
########.# #.# #.# # #.# #.#
#.# # #.. ... #.# # ### #.. #.#


You could see an orc wizard (invisible).

Vanquished Creatures
  3 orc wizards
  An orc priest (D:3)
  7 adders
  An ooze (D:4)
  2 worms
  4 dart slugs
  A leopard gecko (D:2)
  6 orcs (D:3)
  2 ball pythons
  5 bats
  4 giant cockroaches
  10 goblins
  4 hobgoblins
  4 jackals
  6 kobolds
  4 quokkas
  2 frilled lizards
  7 rats
73 creatures vanquished.

Notes
Turn   | Place    | Note
-------+----------+-------------------------------------------
     0 | D:1      | RedPan the Vampire Enchanter began the quest for the Orb.
     0 | D:1      | Reached XP level 1. HP: 13/13 MP: 3/3
   178 | D:1      | Reached skill level 5 in Hexes
   237 | D:1      | Reached XP level 2. HP: 3/19 MP: 5/5
   801 | D:1      | Learned a level 2 spell: Ensorcelled Hibernation
  1203 | D:2      | Reached XP level 3. HP: 24/24 MP: 3/6
  1267 | D:1      | Reached skill level 5 in Stealth
  1962 | D:2      | Reached skill level 6 in Stealth
  1962 | D:2      | Reached XP level 4. HP: 10/30 MP: 4/7
  2735 | D:3      | Found a sparkling altar of Nemelex Xobeh.
  2752 | D:3      | Reached skill level 7 in Stealth
  3040 | D:3      | Reached XP level 5. HP: 35/35 MP: 1/8
  3251 | D:3      | Reached skill level 8 in Stealth
  3516 | D:3      | Learned a level 3 spell: Confuse
  3799 | D:4      | Reached XP level 6. HP: 31/41 MP: 0/9
  3820 | D:4      | Killed from afar by an orc wizard

Skill      XL: |  1  2  3  4  5 |
---------------+----------------+-----
Hexes          | 5 6 |  6.1
Stealth        | 6 7 8 |  8.3
Short Blades   | 3 |  3.1
Dodging        | |  2.1
Spellcasting   | |  2.0

Action                   |  1- 3 |  4- 6 || total
-------------------------+-------+-------++-------
Melee: Dagger            |   162 |   176 ||   338
       Bite              |    11 |     8 ||    19
 Cast: Ensorcelled Hiber |     5 |    19 ||    24
  Use: Potion            |     2 |     8 ||    10
 Stab: Sleeping          |    12 |    22 ||    34
Armor: Robe              |    55 |    25 ||    80
Dodge: Dodged            |   142 |   104 ||   246
